 Dungeon Crawl Stone Soup version 0.29-a0-857-g9b1aa3ac5b (webtiles) character file.

Game seed: 1779677453685506319

851 flyleaff the Chiller (level 7, -8/46 HPs)
             Began as a Demonspawn Ice Elementalist on July 16, 2022.
             Mangled by a mummy (16 damage)
             ... in an ossuary.
             The game lasted 00:16:35 (4293 turns).

flyleaff the Chiller (Demonspawn Ice Elementalist)  Turns: 4293, Time: 00:16:35

Health: -8/46      AC:  9    Str:  9    XL:     7   Next: 69%
Magic:  7/14       EV: 12    Int: 18    God:
Gold:   138        SH:  0    Dex: 13    Spells: 4/15 levels left

rFire   . . .      SeeInvis .   c - +1 dagger
rCold   . . .      Faith    .   (no shield)
rNeg    . . .      Spirit   .   a - +0 robe
rPois   .          Reflect  .   (no helmet)
rElec   .          Harm     .   (no cloak)
rCorr   .          Rampage  .   (no gloves)
Will    .....                   (no boots)
Stlth   ++........              (no amulet)
HPRegen 0.15/turn               (no ring)
MPRegen 0.14/turn               (no ring)

@: brilliant, ice-armoured
A: demonic magic 2, weakness stinger 1
a: no special abilities


You were in an ossuary.
You visited 1 branch of the dungeon, and saw 4 of its levels.
You also visited: Ossuary.

You collected 138 gold pieces.

Inventory:

Hand Weapons
 c - a +1 dagger (weapon)
 k - a +2 whip of flaming
Missiles
 g - 5 poisoned darts (quivered)
Armour
 a - a +0 robe (worn)
Scrolls
 f - 2 scrolls of fear
 h - a scroll of immolation
 l - a scroll of summoning {unknown}
 n - a scroll of torment {unknown}
Potions
 b - a potion of magic
 d - 3 potions of mutation
 e - 3 potions of lignification
 i - a potion of degeneration {unknown}
 j - a potion of curing {unknown}
 m - a potion of flight {unknown}
 o - a potion of brilliance


   Skills:
 - Level 3.0 Dodging
 - Level 1.7 Stealth
 + Level 4.9 Spellcasting
 + Level 4.0 Conjurations
 + Level 5.8 Ice Magic


You had 4 spell levels left.
You knew the following spells:

 Your Spells              Type           Power      Damage    Failure   Level
a - Freeze                Ice            100%       1d11      1%          1
b - Frozen Ramparts       Ice            76%        1d9       3%          3
c - Hailstorm             Conj/Ice       33%        3d8       17%         4
d - Ozocubu's Armour      Ice            38%        N/A       3%          3

Your spell library contained the following spells:

 Spells                   Type           Power      Damage    Failure   Level
 Poisonous Vapours        Pois/Air       12%        N/A       21%         2
 Corpse Rot               Necr/Pois/Air  6%         N/A       80%         4


Dungeon Overview and Level Annotations

Branches:
Dungeon (4/15)            Ossuary (1/1)
 Temple: D:4-7

Altars:
Ashenzari
Cheibriados
Yredelemnul

Shops:
D:2 (*:   D:4 [


Innate Abilities, Weirdness & Mutations

Spells you cast may paralyse nearby enemies.
You have a small tail.


Message History

A film of ice covers your body! Malevolent energies surge around you.
The mummy suddenly stops moving! x2
Casting: Ozocubu's Armour (dangerous; 3% risk of failure)
Confirm with . or Enter, or press ? or * to list all spells.
Casting: Frozen Ramparts (dangerous; 3% risk of failure)
Press: ? - help, Dir - look around, f - activate An empty arch of ancient stone.
Okay, then.
Your icy armour will break if you move.
Continue?
Okay, then.
Casting: Frozen Ramparts (dangerous; 3% risk of failure)
Confirm with . or Enter, or press ? or * to list all spells.
Aiming: Freeze (safe; 1% risk of failure)
Press: ? - help, Shift-Dir - straight line, f - mummy
Aim: a mummy
Okay, then.
Your +2 whip of flaming stops flaming.
c - a +1 dagger (weapon)
The helpless mummy fails to defend itself.
You hit the mummy. You tail-slap the mummy.
The mummy is moderately damaged.
The mummy is no longer paralysed. x2
Casting: Freeze (safe; 1% risk of failure)
Confirm with . or Enter, or press ? or * to list all spells.
Aiming: Freeze (safe; 1% risk of failure)
Press: ? - help, Shift-Dir - straight line, f - mummy
Aim: a mummy You freeze the mummy.
The mummy resists.
The mummy is lightly damaged.
Malevolent energies surge around you.
The mummy suddenly stops moving!
The mummy hits you! x2
* * * LOW HITPOINT WARNING * * *
Okay, then.
Okay, then.
It was a potion of brilliance.
You feel clever all of a sudden. The mummy hits you.
* * * LOW HITPOINT WARNING * * *
The mummy hits you!
You die...

#######
#.#.#.#
#...M.#
#MM.#
#.@.#
#...#
#.∩.#
#...#
##+##


You could see 3 mummies.

Vanquished Creatures
  Pikel (D:4)
  An ogre (D:4)
  A lemure (D:4)
  A howler monkey (D:3)
  A human zombie (D:4)
  2 human skeletons (D:4)
  Natasha (thrice) (D:3)
  4 adders
  2 worms
  A dart slug (D:3)
  8 ball pythons
  4 bats (D:1)
  13 endoplasms
  A giant cockroach (D:2)
  8 goblins
  6 hobgoblins
  4 kobolds
  3 quokkas
  2 frilled lizards
  An orc skeleton (D:4)
  4 rats
71 creatures vanquished.

Vanquished Creatures (others)
  2 withered plants (D:1)
2 creatures vanquished.

Grand Total: 73 creatures vanquished

Notes
Turn   | Place    | Note
-------+----------+-------------------------------------------
     0 | D:1      | flyleaff the Demonspawn Ice Elementalist began the quest
                  | for the Orb.
     0 | D:1      | Reached XP level 1. HP: 13/13 MP: 3/3
    93 | D:1      | Found a faded altar of an unknown god.
   370 | D:1      | Gained mutation: You have a small tail. [demonic ancestry]
   370 | D:1      | Reached XP level 2. HP: 19/19 MP: 1/5
  1176 | D:1      | Gained mutation: Spells you cast may paralyse adjacent
                  | enemies. [demonic ancestry]
  1176 | D:1      | Reached XP level 3. HP: 24/24 MP: 3/6
  1431 | D:2      | Learned a level 3 spell: Frozen Ramparts
  1456 | D:2      | Found Otodwelu's Weapon Shop.
  1840 | D:2      | Reached skill level 4 in Ice Magic
  2224 | D:2      | Found Fongim's Book Emporium.
  2233 | D:2      | Reached XP level 4. HP: 30/30 MP: 5/7
  2262 | D:2      | Found Lusy Pots's Assorted Antiques.
  2732 | D:3      | Noticed Natasha
  2736 | D:3      | Killed Natasha
  2781 | D:3      | Learned a level 4 spell: Hailstorm
  2838 | D:3      | Noticed Natasha
  2843 | D:3      | Killed Natasha
  2844 | D:3      | Reached XP level 5. HP: 35/35 MP: 7/9
  2855 | D:3      | Noticed Natasha
  3122 | D:3      | Reached skill level 1 in Conjurations
  3211 | D:3      | Killed Natasha
  3433 | D:3      | Found a basalt altar of Yredelemnul.
  3451 | D:3      | Found a broken altar of Ashenzari.
  3459 | D:3      | Found a snail-covered altar of Cheibriados.
  3925 | D:4      | Noticed an ogre
  3926 | D:4      | Noticed Pikel
  3934 | D:4      | Noticed a lemure
  3944 | D:4      | Found Ecripeli's Armour Boutique.
  3963 | D:4      | Killed a lemure
  4003 | D:4      | Noticed a lemure
  4007 | D:4      | Noticed a lemure
  4008 | D:4      | Noticed a lemure
  4011 | D:4      | Killed Pikel
  4012 | D:4      | Reached skill level 5 in Ice Magic
  4012 | D:4      | Reached XP level 6. HP: 28/41 MP: 5/12
  4012 | D:4      | Gained mutation: Spells you cast may paralyse nearby
                  | enemies. [demonic ancestry]
  4012 | D:4      | Reached XP level 7. HP: 32/46 MP: 5/13
  4270 | D:4      | Found a sand-covered staircase.
  4284 | Ossuary  | Entered an ossuary
  4289 | Ossuary  | Learned a level 3 spell: Ozocubu's Armour
  4293 | Ossuary  | Mangled by a mummy

Illustrated notes

Levels and vault maps discovered:
D:1:      saegor_arrival_simple_d, layout_basic,
          ebering_ecumenical_altar_petrified
D:2:      layout_basic, serial_shops, shop, shop, shop
D:3:      layout_loops_ring, mainiacjoe_overflow_catwalk,
          mainiacjoe_overflow_large_starburst, minmay_quadrilaterals,
          uniq_natasha
D:4:      layout_rooms, serial_shops, nicolae_shop_stone,
          nicolae_ossuary_entry_catacombs, uniq_pikel
Ossuary:  ossuary_minmay_chase

Skill      XL: |  1  2  3  4  5  6  7 |
---------------+----------------------+-----
Dodging        | 2 3 |  3.0
Ice Magic      | 4 5 |  5.8
Spellcasting   | 3 4 |  4.9
Conjurations   | 3 4 |  4.0
Stealth        | |  1.7

Action                   |  1- 3 |  4- 6 |  7- 9 || total
-------------------------+-------+-------+-------++-------
Melee: Dagger            |    40 |    20 |    32 ||    92
       Unarmed           |     1 |       |       ||     1
       Tailslap          |     5 |     5 |    12 ||    22
       Whip              |       |       |    17 ||    17
Throw: Dart              |       |     1 |     2 ||     3
 Cast: Freeze            |    42 |    22 |    17 ||    81
       Frozen Ramparts   |       |     2 |     1 ||     3
       Ozocubu's Armour  |       |       |     1 ||     1
Evoke: Wand              |       |     6 |       ||     6
  Use: Scroll            |       |    10 |       ||    10
       Potion            |       |       |     1 ||     1
 Stab: Sleeping          |     6 |     6 |       ||    12
       Distracted        |     1 |       |       ||     1
       Paralysed         |     6 |    14 |    18 ||    38
Armor: Robe              |    10 |     2 |     3 ||    15
Dodge: Dodged            |    26 |     8 |    17 ||    51

Table legend: (Time is in decaauts)
 A = Elapsed time spent in this place.
 B = Non-inter-level travel time spent in this place.
 C = Inter-level travel time spent in this place.
 D = Time resting spent in this place.
 E = Time spent auto-exploring this place.
 F = Levels seen in this place.
 G = Mean time per level.
                   A        B        C        D        E       F      G
               +--------+--------+--------+--------+--------+-----+--------+
         Total |   4306 |   4212 |     94 |    190 |   3340 |   5 |  861.2 |
       Dungeon |   4298 |   4204 |     94 |    190 |   3340 |   4 | 1074.5 |
       Ossuary |      8 |      8 |      0 |      0 |      0 |   1 |    8.0 |
               +--------+--------+--------+--------+--------+-----+--------+

Top non-repeatable levels by time:
     D:1: 1418 daAuts
     D:2: 1263 daAuts
     D:3: 1254 daAuts
     D:4: 361 daAuts
 Ossuary: 8 daAuts
